 Dungeon Crawl Stone Soup version 0.24.0-37-gcf1ca852f1 (webtiles) character file.

Game seed: 6563614530983064850, levelgen mode: deterministic

271 grindst0ne the Changer (level 5, -1/45 HPs)
             Began as a Demigod Transmuter on Nov 25, 2019.
             Slain by a gnoll
             ... wielding a +2 whip of electrocution
              (18 damage)
             ... on level 6 of the Dungeon.
             The game lasted 00:09:00 (4345 turns).

grindst0ne the Changer (Demigod Transmuter)         Turns: 4345, Time: 00:09:01

Health: -1/45      AC:  3    Str: 13    XL:     5   Next: 70%
Magic:  11/12      EV: 12    Int: 17    God:
Gold:   120        SH:  0    Dex: 18    Spells: 4/10 levels left

rFire    . . .     SeeInvis .   h - +1 hand axe
rCold    . . .     Gourm    .   (no shield)
rNeg     . . .     Faith    .   b - +0 robe
rPois    .         Spirit   .   o - +0 helmet
rElec    .         Reflect  .   (no cloak)
rCorr    .         Harm     .   (no gloves)
MR       .....                  (boots currently unavailable)
Stlth    ++........             (no amulet)
HPRegen  0.15/turn              (no ring)
MPRegen  0.13/turn              (no ring)

@: appendage
A: talons 3, high mp 1
a: End Transformation


You were on level 6 of the Dungeon.
You were hungry.
You had grown temporary talons.
You visited 1 branch of the dungeon, and saw 5 of its levels.

You collected 120 gold pieces.

Inventory:

Hand Weapons
 h - a +1 hand axe (weapon)
 l - a +0 dagger
Missiles
 a - 152 arrows
 c - a throwing net
 e - 4 curare-tipped darts (quivered)
Armour
 b - a +0 robe (worn)
 o - a +0 helmet (worn)
 t - a +0 ring mail of cold resistance
Scrolls
 f - 2 scrolls of magic mapping {unknown}
 j - a scroll of amnesia {unknown}
 k - 3 scrolls of enchant weapon
 q - 2 scrolls of fog {unknown}
 r - 2 scrolls of teleportation {unknown}
 s - a scroll of enchant armour {unknown}
 v - a scroll of remove curse {unknown}
Potions
 g - a potion of agility {unknown}
 i - a potion of haste {unknown}
 m - a potion of magic {unknown}
 u - a potion of flight
Comestibles
 d - 7 rations


   Skills:
 + Level 3.0 Fighting
 - Level 1.7 Dodging
 - Level 2.6 Unarmed Combat
 + Level 3.2 Spellcasting
 + Level 3.4 Transmutations
 - Level 1.1 Poison Magic


You had 4 spell levels left.
You knew the following spells:

 Your Spells              Type           Power        Failure   Level  Hunger
a - Beastly Appendage     Tmut           ##....       4%          1    None
b - Sticks to Snakes      Tmut           ##......     6%          2    ##.....
c - Spider Form           Tmut/Pois      ##........   21%         3    ###....

Your spell library contained the following spells:

 Spells                   Type           Power        Failure   Level  Hunger
 Ice Form                 Ice/Tmut       #.......     63%         4    ####...
 Blade Hands              Tmut           ##........   75%         5    ######.


Dungeon Overview and Level Annotations

Branches:
Dungeon (4/15)             Temple (0/1) D:4


Innate Abilities, Weirdness & Mutations

You have an increased reservoir of magic. (+10% MP)
You have claws for feet.


Message History

A gnoll comes into view.
It is wielding a +2 whip of electrocution.
The gnoll shouts!
You hear a shout!
A gnoll comes into view. It is wielding a +0 flail.
Found a viscous inky potion.
A gnoll comes into view.
The gnoll shouts!
Found 18 gold pieces.
You see here a white potion.
g - a white potion The gnoll shouts!
Found a scroll labeled GEUZXOOCEA.
You see here 22 sling bullets.
Casting: Beastly Appendage (safe; 4% risk of failure)
Confirm with . or Enter, or press ? or * to list all spells.
Your feet morph into talons.
The gnoll hits you with a +2 whip of electrocution!
You are electrocuted!
You hit the gnoll but do no damage. You claw the gnoll, but do no damage.
The gnoll hits you but does no damage.
You are electrocuted!!
You die...

#..........####.####........
#....8.8...##.....##........
........#.#.......#..#.....
##......#.#.......#.......$
##............._.....#.#....
#..........#.......#.#.# ...
#..........#.....g.#...! ..
###.........##..gg.##..... #
#.#.........####@####....?#
.........#............###.#
.........##.....##.#..# ..#
....##...##...#....# ..# .#
###########...#.....#
#...#####... ##### .. ...


You could see 3 gnolls.

Vanquished Creatures
  Terence (D:3)
  Natasha (thrice) (D:2)
  A worker ant (D:4)
  Robin (D:2)
  4 adders
  An ooze (D:2)
  3 dart slugs
  A leopard gecko (D:4)
  4 orcs (D:3)
  6 bats
  2 giant cockroaches
  15 goblins
  6 hobgoblins
  6 jackals
  2 quokkas
  7 frilled lizards
  9 kobolds
  9 rats
81 creatures vanquished.

Vanquished Creatures (collateral kills)
  An adder (D:3)
  A hobgoblin (D:1)
  A kobold (D:1)
  A rat (D:1)
4 creatures vanquished.

Vanquished Creatures (others)
  A goblin (D:2)
1 creature vanquished.

Grand Total: 86 creatures vanquished

Notes
Turn   | Place    | Note
-------+----------+-------------------------------------------
     0 | D:1      | grindst0ne the Demigod Transmuter began the quest for the
                  | Orb.
     0 | D:1      | Reached XP level 1. HP: 15/15 MP: 5/5
    40 | D:1      | Reached skill level 1 in Fighting
   558 | D:1      | Reached XP level 2. HP: 12/23 MP: 5/7
   571 | D:1      | Learned a level 2 spell: Sticks to Snakes
  1553 | D:2      | Noticed Natasha
  1560 | D:2      | Killed Natasha
  1560 | D:2      | Reached XP level 3. HP: 14/29 MP: 9/9
  1737 | D:2      | Noticed Robin
  1776 | D:2      | Killed Robin
  1990 | D:2      | Learned a level 3 spell: Spider Form
  2018 | D:2      | You fall into a shaft and drop 1 floor!
  2029 | D:3      | Reached XP level 4. HP: 31/36 MP: 7/10
  2224 | D:2      | Found a blossoming altar of Fedhas.
  2580 | D:2      | Noticed Natasha
  2594 | D:2      | Killed Natasha
  2786 | D:2      | Found a bloodstained altar of Trog.
  3097 | D:2      | Noticed Natasha
  3109 | D:2      | Killed Natasha
  3109 | D:2      | Reached skill level 1 in Poison Magic
  3109 | D:2      | Reached XP level 5. HP: 32/42 MP: 12/12
  3188 | D:2      | Found an ancient bone altar of Kikubaaqudgha.
  3497 | D:3      | Found a hazy altar of Hepliaklqana.
  3596 | D:3      | Noticed Terence
  3614 | D:3      | Killed Terence
  3887 | D:3      | Found a shimmering altar of Xom.
  4286 | D:4      | Found a staircase to the Ecumenical Temple.
  4289 | D:4      | You fall into a shaft and drop 2 floors!
  4294 | D:6      | Found a glowing silver altar of Zin.
  4345 | D:6      | Slain by a gnoll

Levels and vault maps discovered:
D:1:      moated_graveyard_arrival, layout_basic
D:2:      minmay_alternating_diamond, layout_basic, fedhas_ov_isle_minmay,
          lemuel_crystal_altar, marbit_many_paths, patterned_corridor,
          uniq_robin, uniq_natasha
D:3:      layout_rooms, lemuel_round_altar, old_standard_altar, first_ration,
          uniq_terence
D:4:      cheibrodos_barr_body, layout_basic, minmay_temple_entry_trees,
          serial_shops, nicolae_shop_temple_entry_statues_fountains
D:6:      layout_cave_pools, nicolae_overflow_crystal_walls,
          makhleb_altar_promises_db, old_standard_altar, serial_column_ruins,
          column_ruins_square_small, column_ruins_hut_ruined,
          column_ruins_columns_corner, column_ruins_open_small,
          column_ruins_columns_plus, column_ruins_columns_corner

Skill      XL: |  1  2  3  4  5 |
---------------+----------------+-----
Fighting       | 1 2 3 |  3.0
Transmutations | 2 3 |  3.4
Spellcasting   | 2 3 |  3.2
Poison Magic   | 1 |  1.1
Dodging        | |  1.7
Unarmed Combat | |  2.6

Action                   |  1- 3 |  4- 6 || total
-------------------------+-------+-------++-------
Melee: Club              |    21 |       ||    21
       Unarmed           |    17 |       ||    17
       Hand axe          |    59 |   135 ||   194
       Kick              |     7 |    20 ||    27
       Headbutt          |     8 |       ||     8
       Punch             |     1 |     6 ||     7
       Dagger            |     6 |    10 ||    16
Throw: Dart              |     2 |     3 ||     5
 Cast: Beastly Appendage |    16 |    17 ||    33
       Sticks to Snakes  |     4 |     1 ||     5
  Use: Scroll            |       |     4 ||     4
       Potion            |       |     3 ||     3
 Stab: Distracted        |     1 |       ||     1
       Sleeping          |       |     3 ||     3
  Eat: Chunk             |     4 |     7 ||    11
Armor: Robe              |    26 |    27 ||    53
Dodge: Dodged            |    90 |    93 ||   183
